 Dungeon Crawl Stone Soup version 0.23-a0-49-gd9f7a49668 (webtiles) character file.

133177 Htamos the Earth Mage (level 16, -1/112 HPs)
             Began as a Troll Earth Elementalist on Aug 6, 2018.
             Was the Champion of Okawaru.
             Killed from afar by a wretched star (29 damage)
             ... with an orb of energy
             ... on level 3 of the Abyss.
             The game lasted 01:49:37 (36907 turns).

Htamos the Earth Mage (Troll Earth Elementalist)   Turns: 36907, Time: 01:49:37

Health: -1/112     AC: 11    Str: 16      XL:     16   Next: 59%
Magic:  0/28       EV:  9    Int: 15 (16) God:    Okawaru [******]
Gold:   558        SH: 15    Dex:  6      Spells: 8/23 levels left

rFire    . . .     SeeInvis .     - Unarmed
rCold    + . .     Gourm    +   q - +5 shield of a ziggurat {rC+ Regen+ Int+4}
rNeg     . . .     Faith    .   e - +4 moon troll leather armour {Spirit, Regen++ MP+5}
rPois    .         Spirit   +   O - +2 hat
rElec    .         Reflect  .   N - scarf {cloud immunity}
rCorr    .         Harm     .   (gloves unavailable)
MR       +....     Rnd*Rage +   (boots unavailable) Stlth +.........Rnd*Tele +
                                (no amulet)
HPRegen  1.88/turn              R - ring of magical power
MPRegen  0.21/turn              A - +2 ring of slaying

@: berserk cooldown, heavily drained
A: large, unfitting armour, claws 3, [berserk 3], [blurry vision 2], [clumsy 2],
[deformed body], deterioration 1[+1], [dopey 2], fast metabolism 3, [frail 3],
gourmand, [low mp 3], regeneration 1, shaggy fur 1, [teleportitis 2], tough skin
2, [weak 2], [subdued magic 2]
a: Heroism, Finesse, Renounce Religion


You were on level 3 of the Abyss.
You worshipped Okawaru.
Okawaru was exalted by your worship.
You were very full.

You visited 5 branches of the dungeon, and saw 26 of its levels.
You visited the Abyss 1 time.

You collected 2516 gold pieces.
You spent 1958 gold pieces at shops.

Inventory:

Hand Weapons
 J - the +3 hunting sling "Teed" {flame, +Fly rPois rC- rN+ Int+4}
   (Okawaru gifted it to you on level 1 of the Elven Halls)

   It causes projectiles fired from it to burn those they strike, causing extra
   injury to most foes and up to half again as much damage against particularly
   susceptible opponents.
   It affects your intelligence (+4).
   It makes you vulnerable to cold.
   It protects you from poison.
   It protects you from negative energy.
   It lets you fly.
 L - the +1 trident "Xaatzogruo" {pierce, Str+3 Int+6}
   (Okawaru gifted it to you on level 2 of the Orcish Mines)

   It inflicts extra damage upon your enemies.
   It affects your strength (+3).
   It affects your intelligence (+6).
 T - the +5 halberd of Maesua {elec, MR++}
   (Okawaru gifted it to you on level 3 of the Lair of Beasts)

   Occasionally, upon striking a foe, it will discharge some electrical energy
   and cause terrible harm.
   It affects your resistance to hostile enchantments.
Missiles
 b - 513 stones
 s - 31 large rocks (quivered)
 E - 4 throwing nets
Armour
 c - the +4 robe of the Country {rF++}
   (Okawaru gifted it to you on level 13 of the Dungeon)

   It greatly protects you from fire.
 e - the +4 moon troll leather armour (worn) {Spirit, Regen++ MP+5}
   (You bought it in a shop on level 2 of the Orcish Mines)

   It affects your magic capacity (+5).
   It increases your rate of regeneration.
 q - the +5 shield of a ziggurat (worn) {rC+ Regen+ Int+4}
   (You acquired it on level 1 of the Lair of Beasts)

   It affects your intelligence (+4).
   It protects you from cold.
   It increases your rate of regeneration.
 N - a scarf of cloud immunity (worn)
 O - a +2 hat (worn)
Magical Staves
 W - an uncursed staff of earth
Jewellery
 k - an uncursed ring of wizardry
 n - an uncursed ring of stealth
 u - an uncursed ring of positive energy
 A - a +2 ring of slaying (right claw)
 D - an uncursed amulet of harm
 G - an uncursed ring of ice
 R - a ring of magical power (left claw)
 S - an uncursed ring of resist corrosion
Wands
 o - a wand of polymorph (28)
 t - a wand of flame (87)
 y - a wand of digging (13)
 C - a wand of random effects (97)
 V - a wand of paralysis (7)
 Z - a wand of iceblast (6)
Scrolls
 a - 2 scrolls of enchant weapon
 m - 2 scrolls of amnesia
 p - 11 scrolls of remove curse
 r - 5 scrolls of fog
 F - 5 scrolls of identify
 H - 2 scrolls of magic mapping
 P - 2 scrolls of fear
 U - 3 scrolls of enchant armour
Potions
 f - a potion of agility
 i - 5 potions of flight
 l - 3 potions of magic
 v - a potion of brilliance
 w - 3 potions of cancellation
 x - 4 potions of mutation
 z - 2 potions of ambrosia
 B - 3 potions of lignification
Miscellaneous
 g - a phantom mirror
 h - a fan of gales
Comestibles
 d - 44 rations
 j - 4 chunks of flesh


   Skills:
 + Level 10.9(9.4) Fighting
 - Level 1.0(0.0) Polearms
 - Level 5.0(3.7) Dodging
 - Level 1.0(0.0) Stealth
 + Level 9.9(8.5) Shields
 + Level 12.6(11.1) Unarmed Combat
 - Level 4.3(3.1) Spellcasting
 - Level 0.6(0.0) Transmutations
 * Level 16.0(14.4) Earth Magic
 + Level 8.6(7.2) Invocations


You had 8 spell levels left.
You knew the following spells:

 Your Spells              Type           Power        Failure   Level  Hunger
a - Sandblast             Erth           ####..       0%          1    #......
b - Passwall              Tmut/Erth      ##......     1%          2    ##.....
c - Stone Arrow           Conj/Erth      ##....       2%          3    ###....
d - Petrify               Tmut/Erth      ##......     10%         4    #####..
e - Lee's Rapid Deconstr  Erth           ####......   1%          5    ######.

Your spell library contained the following spells:

 Spells                   Type           Power        Failure   Level  Hunger
 Fireball                 Conj/Fire      #.........   100%        5    ######.
 Conjure Flame            Conj/Fire      #.......     54%         3    ###....
 Bolt of Magma            Conj/Fire/Erth ##........   63%         5    ######.
 Throw Flame              Conj/Fire      #.....       30%         2    ##.....
 Mephitic Cloud           Conj/Pois/Air  #.......     54%         3    ###....
 Venom Bolt               Conj/Pois      #.........   100%        5    ######.
 Olgreb's Toxic Radiance  Pois           #.......     92%         4    #####..
 Sticky Flame             Conj/Fire      #.......     92%         4    #####..
 Regeneration             Chrm/Necr      #.........   54%         3    ###....
 Sting                    Conj/Pois      #...         19%         1    #......
 Corpse Rot               Necr           N/A          30%         2    ##.....
 Iron Shot                Conj/Erth      ##........   87%         6    #######
 Statue Form              Tmut/Erth      ##.......    87%         6    #######
 Death Channel            Necr           #.........   100%        6    #######
 Flame Tongue             Conj/Fire      #....        19%         1    #......
 Shatter                  Erth           ####......   100%        9    #######
 Leda's Liquefaction      Hex/Erth       ##........   10%         4    #####..
 Summon Hydra             Summ           #.........   100%        7    #######
 Inner Flame              Hex/Fire       #.......     54%         3    ###....
 Summon Forest            Summ/Tloc      #.........   100%        5    ######.
 Hydra Form               Tmut           #.........   100%        6    #######
 Poisonous Vapours        Pois/Air       #.....       30%         2    ##.....
 Borgnjor's Vile Clutch   Necr/Erth      ##........   28%         5    ######.


Dungeon Overview and Level Annotations

Branches:
Dungeon (15/15)            Temple (1/1) D:5            Lair (6/6) D:11
 Shoals (0/4) Lair:3        Snake (0/4) Lair:3        Slime (0/5) Lair:5
    Orc (2/2) D:12            Elf (2/3) Orc:2        Vaults (0/5) D:14
 Depths (0/5) D:15

Altars:
Ashenzari
Cheibriados
Elyvilon
Fedhas
Gozag
Hepliaklqana
Kikubaaqudgha
Makhleb
Nemelex Xobeh
Okawaru
Qazlal
Ru
Sif Muna
Trog
Uskayaw
Vehumet
Wu Jian
Xom
Yredelemnul
Zin
The Shining One
Beogh
Jiyva

Shops:
Orc:2 ?[=(*   Elf:1 }

Annotations:
D:3 2 transporters
D:11 2 transporters, nawrastar's ghost, novice VSFi
Lair:3 exclusion: door
Lair:5 exclusion: 4 oklob plants
Elf:2 5 runed doors


Innate Abilities, Weirdness & Mutations

You are too large for most types of armour.
You have claws for hands.
Your metabolism is lightning-fast.
You like to eat raw meat.
Your natural rate of healing is unusually fast.
You are covered in fur. (AC +1)
You have very tough skin. (AC +2)
[You have an uncontrollable temper.]
[Scrolls take you longer to read.]
[You are very clumsy. (Dex -4)]
[Armour fits poorly on your strangely shaped body.]
[Your body often deteriorates upon taking damage.]
[You are very dopey. (Int -4)]
[You are extremely frail. (-30% HP)]
[Your magical capacity is extremely low. (-30% MP)]
[You are sometimes teleported next to monsters.]
[You are very weak. (Str -4)]
[Your spells are easier to cast, but less powerful.]


Message History

Found a phantom mirror and a scorched rapier.
You feel yourself speed up.
You see here a phantom mirror.
g - a phantom mirror The wretched star glows turbulently.
The orb of energy hits you!
* * * LOW MAGIC WARNING * * *;
* * * LOW HITPOINT WARNING * * *
Unknown command.
Press: ? - help, v - describe, . - travel
Here: a wretched star The floor.
Evoke which item? (* to show all) (? for menu, Esc to quit)
Aiming: Cloud Cone
Press: ? - help, Dir - move target cursor, f - wretched star
Aim: a wretched star You create a blast of noxious fumes!
The now-empty wand crumbles to dust.
The wretched star glows turbulently.
The orb of energy hits you!
* * * LOW MAGIC WARNING * * *
You die...

## . #.# ##.#####
#..# #.#.#.. ###..
#....# ....# #
#.#@# .#.# .###
#§*######...##...)
###.*.xs...#.[..#
###3 ..#....# %# #
##.#.#..#.# .. #
####....# #. #.#
#†#.## ##. ##.
#.#....#
#...#%y3*###...#


You could see a wretched star.

Vanquished Creatures
  Rupert (D:14)
  Kirke (Lair:3)
  Roxanne (Elf:1)
  2 orc warlords (Orc:2)
  A very ugly thing (Abyss:3)
  The ghost of Neoco the Unseen, a journeyman SpEn of Dithmenos (D:12)
  The ghost of Neoco the Unseen, a journeyman SpEn of Dithmenos (D:12)
  A dire elephant (Lair:6)
  The ghost of mora the Cleaver, a journeyman DDFi of Makhleb (Lair:4)
  Josephine (D:14)
  2 deep elf death magi (Elf:1)
  Erolcha (Orc:2)
  A yaktaur captain (D:15)
  8 vault guards (D:14)
  7 hydras
  6 centaur warriors
  A catoblepas (Lair:6)
  An ogre mage (D:12)
  4 two-headed ogres
  A deep troll shaman (Lair:6)
  2 tengu warriors (D:13)
  6 death yaks (Lair:5)
  3 dancing weapons
  2 orc high priests (Orc:2)
  7 deep elf knights
  A wretched star (Abyss:3)
  8 deep elf archers
  2 unseen horrors
  3 orc knights
  A spectral hydra (Lair:4)
  Pikel (D:8)
  3 necromancers (Elf:1)
  6 cyclopes
  10 ugly things
  4 manticores
  4 orc sorcerers (Orc:2)
  29 deep elf magi
  23 elephants
  A merfolk siren (Lair:3)
  9 black mambas
  6 gargoyles
  A centaur zombie (D:12)
  8 spiny frogs
  3 rime drakes
  A freezing wraith (D:14)
  An efreet (D:13)
  7 komodo dragons
  4 trolls
  2 tengu conjurers
  2 meliai (Abyss:3)
  4 polar bears
  Grinder (D:6)
  21 blink frogs
  A hornet (D:9)
  4 slime creatures (D:8)
  11 hippogriffs
  4 dream sheep (Lair:4)
  A shadow (D:14)
  2 vampires
  A water elemental (Elf:1)
  45 yaks
  3 wyverns
  Eustachio (D:5)
  7 wraiths
  4 basilisks
  6 hungry ghosts
  A spectral komodo dragon (Lair:4)
  2 hogs (Lair:3)
  4 vampire mosquitoes
  Menkaure (D:5)
  4 nagas (Lair:3)
  A swamp worm (shapeshifter) (D:12)
  2 wargs (Orc:2)
  An acid dragon (D:12)
  Edmund (D:4)
  2 soldier ants
  12 water moccasins
  A large abomination (Elf:1)
  A swamp drake (D:12)
  2 ice beasts (D:11)
  8 porcupines
  A black bear (D:6)
  29 orc warriors
  4 eyes of draining
  4 sky beasts
  4 slaves (D:8)
  A phantom (D:10)
  A necrophage (D:5)
  3 boggarts
  10 ogres
  17 centaurs
  20 wolves
  A big kobold (D:9)
  7 crocodiles
  16 bullfrogs
  2 elf zombies (Elf:1)
  2 gnoll sergeants
  An earth elemental (Orc:2)
  5 scorpions
  A killer bee (Abyss:3)
  4 wights (D:7)
  A vampire bat (Lair:3)
  5 howler monkeys
  2 bullfrog zombies
  9 crimson imps
  A komodo dragon simulacrum (Lair:4)
  18 orc priests
  4 centaur skeletons
  9 hounds
  6 jellies
  16 orc wizards
  2 bullfrog skeletons
  11 iguanas
  Terence (D:3)
  11 worker ants
  3 hound zombies
  A hound skeleton (D:5)
  2 worker ant zombies
  11 gnolls
  13 adders
  10 shadow imps
  3 adder skeletons
  An adder zombie (D:7)
  3 worms
  2 dart slugs
  9 leopard geckos
  85 orcs
  10 bats
  5 giant cockroaches
  5 goblins
  7 hobgoblins
  10 jackals
  3 quokkas
  9 frilled lizards
  A jackal skeleton (D:5)
  8 kobolds
  A quokka zombie (D:5)
  9 rats
  A plant (Lair:6)
803 creatures vanquished.

Vanquished Creatures (collateral kills)
  An ogre (Orc:2)
1 creature vanquished.

Vanquished Creatures (others)
  An unseen horror (D:12)
  A necromancer (Elf:1)
  A human (Lair:4)
  An orc warrior (Orc:2)
  A boggart (D:14)
  6 killer bees (Abyss:3)
  An orc (Orc:2)
  23 fungi
  15 plants
  2 withered plants (Orc:1)
52 creatures vanquished.

Grand Total: 856 creatures vanquished

Notes
Turn   | Place    | Note
-------+----------+-------------------------------------------
     0 | D:1      | Htamos the Troll Earth Elementalist began the quest for the Orb.
     0 | D:1      | Reached XP level 1. HP: 16/16 MP: 1/1
    95 | D:1      | Reached XP level 2. HP: 16/24 MP: 2/2
   531 | D:2      | Reached skill level 3 in Earth Magic
   545 | D:2      | Reached skill level 1 in Unarmed Combat
   545 | D:2      | Reached XP level 3. HP: 24/32 MP: 1/4
   712 | D:2      | Reached skill level 1 in Fighting
   731 | D:2      | Reached XP level 4. HP: 33/41 MP: 0/5
  1060 | D:2      | You fall through a shaft for 2 floors!
  1084 | D:4      | Reached XP level 5. HP: 34/48 MP: 1/6
  1110 | D:4      | Found a bloodstained altar of Trog.
  1294 | D:4      | Reached skill level 4 in Earth Magic
  1425 | D:4      | Reached XP level 6. HP: 56/57 MP: 6/8
  1770 | D:4      | Found a deep blue altar of Sif Muna.
  2089 | D:3      | Found a transporter.
  2180 | D:3      | Found a transporter.
  2287 | D:3      | Noticed Terence
  2302 | D:3      | Killed Terence
  3195 | D:5      | Entered Level 5 of the Dungeon
  3199 | D:5      | Noticed Edmund
  3213 | D:4      | Reached XP level 7. HP: 27/65 MP: 9/9
  3448 | D:4      | Killed Edmund
  3513 | D:5      | Found a staircase to the Ecumenical Temple.
  3525 | D:5      | Noticed Eustachio
  3530 | Temple   | Entered the Ecumenical Temple
  3659 | D:5      | Killed Eustachio
  3659 | D:5      | Reached skill level 5 in Earth Magic
  3679 | Temple   | Became a worshipper of Warmaster Okawaru
  4303 | D:5      | Reached XP level 8. HP: 58/71 MP: 10/10
  4429 | D:5      | Noticed Menkaure
  4441 | D:5      | Killed Menkaure
  4772 | D:5      | Learned a level 2 spell: Passwall
  4776 | D:5      | Learned a level 3 spell: Stone Arrow
  4781 | D:5      | Learned a level 4 spell: Petrify
  5237 | D:6      | Found a hide-covered altar of Uskayaw.
  5241 | D:6      | Noticed Grinder
  5243 | D:6      | Paralysed by Grinder for 4 turns
  5254 | D:6      | Reached skill level 6 in Earth Magic
  5257 | D:6      | Killed Grinder
  5257 | D:6      | Reached * piety under Okawaru
  5784 | D:7      | Reached XP level 9. HP: 81/81 MP: 12/12
  5846 | D:7      | Reached ** piety under Okawaru
  5969 | D:7      | Reached skill level 7 in Earth Magic
  6377 | D:7      | Reached skill level 5 in Unarmed Combat
  6404 | D:7      | Found a deep blue altar of Sif Muna.
  6990 | D:8      | Found a stormy altar of Qazlal.
  7047 | D:8      | Reached *** piety under Okawaru
  7047 | D:8      | Reached skill level 5 in Dodging
  7157 | D:8      | Reached skill level 8 in Earth Magic
  7165 | D:8      | HP: 1/82 [slime creature (17)]
  7435 | D:8      | Noticed Pikel
  7457 | D:8      | Reached XP level 10. HP: 81/94 MP: 14/14
  7645 | D:8      | Killed Pikel
  7907 | D:8      | Reached skill level 5 in Fighting
  8219 | D:9      | Reached **** piety under Okawaru
  8336 | D:9      | Noticed a gargoyle
  8360 | D:9      | Killed a gargoyle
  8640 | D:9      | Reached skill level 9 in Earth Magic
  8905 | D:9      | Learned a level 5 spell: Lee's Rapid Deconstruction
  9473 | D:9      | Reached ***** piety under Okawaru
 10118 | D:10     | Entered Level 10 of the Dungeon
 10280 | D:10     | Killed an unseen horror
 10280 | D:10     | Reached skill level 10 in Earth Magic
 10280 | D:10     | Reached XP level 11. HP: 27/105 MP: 16/16
 10513 | D:10     | Received a gift from Okawaru
 11993 | D:11     | Noticed a two-headed ogre
 12047 | D:10     | Killed a two-headed ogre
 12136 | D:11     | Noticed a red ugly thing
 12146 | D:11     | Killed a red ugly thing
 12236 | D:11     | Noticed a six-headed hydra
 12316 | D:11     | Found a staircase to the Lair.
 12370 | D:11     | Found a transporter.
 12370 | D:11     | Noticed nawrastar's ghost (novice VSFi)
 12375 | D:11     | Noticed a death knight
 12425 | D:11     | Noticed a purple ugly thing
 12449 | D:11     | Killed a purple ugly thing
 12656 | Lair:1   | Entered Level 1 of the Lair of Beasts
 12699 | Lair:1   | Reached skill level 11 in Earth Magic
 13247 | Lair:1   | Noticed a five-headed hydra
 13559 | Lair:1   | Killed a five-headed hydra
 14028 | Lair:2   | Received a gift from Okawaru
 14125 | D:10     | Got spiked steam dragon scales {god gift}
 14136 | D:10     | Identified the +1 steam dragon scales "Yssi" {Str+4} (Okawaru gifted it to you on level 10 of the Dungeon)
 14178 | Lair:1   | Identified a scroll of acquirement
 14179 | Lair:1   | Got a translucent shield
 14185 | Lair:1   | Identified the +5 shield of a ziggurat {rC+ Regen+ Int+4} (You acquired it on level 1 of the Lair of Beasts)
 14275 | Lair:2   | Noticed Sonja
 14277 | Lair:2   | Noticed Sonja
 14277 | Lair:2   | Sonja changed into Sonja the black mamba
 14285 | Lair:2   | Killed Sonja the black mamba
 14387 | Lair:2   | Reached XP level 12. HP: 116/118 MP: 17/17
 14679 | Lair:2   | Reached skill level 1 in Shields
 15304 | Lair:3   | Found a staircase to the Snake Pit.
 15602 | Lair:3   | Noticed a four-headed hydra
 15771 | Lair:3   | Reached ****** piety under Okawaru
 15771 | Lair:3   | Reached skill level 5 in Shields
 16200 | Lair:3   | Found a staircase to the Shoals.
 16601 | Lair:4   | Noticed Kirke
 16635 | Lair:3   | Killed Kirke
 16635 | Lair:3   | Received a gift from Okawaru
 16682 | Lair:3   | Got a pitted halberd {god gift}
 16683 | Lair:3   | Identified the +5 halberd of Maesua {elec, MR++} (Okawaru gifted it to you on level 3 of the Lair of Beasts)
 17182 | Lair:4   | Reached XP level 13. HP: 124/124 MP: 18/18
 17523 | Lair:4   | Found a runed gate.
 17523 | Lair:4   | Found a runed gate.
 17524 | Lair:4   | Found a runed gate.
 17534 | Lair:4   | Noticed mora's ghost (journeyman DDFi)
 17671 | Lair:4   | Killed mora's ghost
 17895 | Lair:5   | Reached skill level 1 in Polearms
 17895 | Lair:5   | Reached skill level 1 in Invocations
 18166 | Lair:5   | Received a gift from Okawaru
 18294 | Lair:5   | Reached skill level 12 in Earth Magic
 18724 | Lair:5   | Found a viscous altar of Jiyva.
 18725 | Lair:5   | Found a staircase to the Slime Pits.
 19089 | Lair:6   | Entered Level 6 of the Lair of Beasts
 19779 | Lair:5   | Received a gift from Okawaru
 19788 | Lair:5   | Got a fabulously ornate robe {god gift}
 19789 | Lair:5   | Identified the +1 robe "Ceth" {Str+2 Int+2 Dex+2} (Okawaru gifted it to you on level 5 of the Lair of Beasts)
 19958 | Lair:5   | HP: 2/128 [blink frog (17)]
 20139 | Lair:5   | Found a staircase to the Slime Pits.
 20140 | Lair:5   | Found a viscous altar of Jiyva.
 20846 | Lair:5   | Found a viscous altar of Jiyva.
 20847 | Lair:5   | Found a staircase to the Slime Pits.
 21652 | Lair:6   | Reached skill level 10 in Unarmed Combat
 21802 | Lair:5   | Reached XP level 14. HP: 95/137 MP: 19/19
 21809 | Lair:5   | Reached skill level 13 in Earth Magic
 23199 | Lair:6   | Reached skill level 5 in Invocations
 24099 | D:11     | Found a transporter.
 24524 | D:12     | Got a translucent quick blade
 24525 | D:12     | Identified the +2 quick blade of Impeachment {holy, +Blink Str+3 Stlth+} (You found it on level 12 of the Dungeon)
 25258 | D:12     | Received a gift from Okawaru
 25339 | D:12     | Found a burning altar of Makhleb.
 25436 | D:12     | Found a staircase to the Orcish Mines.
 25913 | D:12     | Reached skill level 14 in Earth Magic
 26532 | D:13     | Received a gift from Okawaru
 26540 | D:13     | Got a dull robe {god gift}
 26552 | D:13     | Identified the +4 robe of the Country {rF++} (Okawaru gifted it to you on level 13 of the Dungeon)
 26805 | D:14     | Reached XP level 15. HP: 102/148 MP: 20/20
 27151 | D:14     | Noticed Rupert
 27167 | D:14     | Killed Rupert
 27276 | D:14     | Found a glowing golden altar of the Shining One.
 27607 | D:14     | Noticed Josephine
 27617 | D:14     | Killed Josephine
 27836 | D:14     | Found a basalt altar of Yredelemnul.
 27847 | D:14     | Found a gate to the Vaults.
 28221 | D:14     | Reached skill level 10 in Fighting
 28730 | D:15     | Entered Level 15 of the Dungeon
 28890 | D:14     | Received a gift from Okawaru
 29167 | D:15     | Found an opulent altar of Gozag.
 29225 | D:15     | Found a staircase to the Depths.
 29418 | D:15     | Reached skill level 15 in Earth Magic
 29684 | D:15     | Found a sparkling altar of Nemelex Xobeh.
 29799 | D:15     | Got an ebony halberd {pain}
 29800 | D:15     | Identified the +5 halberd of Unecimp {pain, rElec} (You took it off a centaur warrior on level 15 of the Dungeon)
 30017 | Orc:1    | Entered Level 1 of the Orcish Mines
 30136 | Orc:1    | Found a runed door.
 30292 | Orc:1    | Found a runed gate.
 30293 | Orc:1    | Found a runed gate.
 30294 | Orc:1    | Found a runed gate.
 30295 | Orc:1    | Noticed Neoco's ghost (journeyman SpEn)
 30295 | Orc:1    | Noticed Neoco's ghost (journeyman SpEn)
 30836 | D:12     | Killed Neoco's ghost
 30836 | D:12     | Killed Neoco's ghost
 31081 | Orc:1    | Found a roughly hewn altar of Beogh.
 31105 | Orc:1    | Got a dazzling long sword
 31107 | Orc:1    | Identified the +7 long sword "Wih Mome" {protect, *Slow rPois rC+++ Str-2} (You found it on level 1 of the Orcish Mines)
 31160 | Orc:2    | Entered Level 2 of the Orcish Mines
 31337 | Orc:2    | Found a bloodstained altar of Trog.
 31342 | Orc:2    | Found Ziptaer's General Store.
 31692 | Orc:2    | Bought a scroll of enchant armour for 105 gold pieces
 31982 | Orc:2    | Found Geatil's Jewellery Shoppe.
 32001 | Orc:2    | Found a staircase to the Elven Halls.
 32005 | Orc:2    | Found Kouti's Magic Scroll Boutique.
 32031 | Orc:2    | Noticed Erolcha
 32062 | Orc:2    | Killed Erolcha
 32068 | Orc:2    | Paralysed by an orc sorcerer for 4 turns
 32168 | Orc:2    | Noticed an orc warlord
 32207 | Orc:2    | Killed an orc warlord
 32322 | Orc:2    | Noticed an orc warlord
 32362 | Orc:2    | Killed an orc warlord
 32463 | Orc:2    | Found Odeim's Antique Armour Emporium.
 32471 | Orc:2    | Bought the +4 moon troll leather armour {Spirit, Regen++ MP+5} for 1853 gold pieces
 32471 | Orc:2    | Found the +4 moon troll leather armour {Spirit, Regen++ MP+5}
 32546 | Orc:2    | Found Ogam's Antique Weapon Shop.
 32787 | Orc:2    | Received a gift from Okawaru
 32988 | Orc:2    | Got a dazzling trident {god gift}
 32989 | Orc:2    | Identified the +1 trident "Xaatzogruo" {pierce, Str+3 Int+6} (Okawaru gifted it to you on level 2 of the Orcish Mines)
 33034 | Elf:1    | Entered Level 1 of the Elven Halls
 33172 | Orc:2    | Reached XP level 16. HP: 149/159 MP: 21/21
 33512 | Elf:1    | Found Nang's Gadget Shop.
 33582 | Elf:1    | Noticed Roxanne
 34499 | Elf:1    | Received a gift from Okawaru
 34540 | Elf:1    | Got a brightly glowing hunting sling {god gift}
 34630 | Elf:1    | Identified the +3 hunting sling "Teed" {flame, +Fly rPois rC- rN+ Int+4} (Okawaru gifted it to you on level 1 of the Elven Halls)
 34666 | Elf:1    | Identified the Almanac of Sinister Magic
 35219 | Elf:1    | Killed Roxanne
 36699 | Elf:2    | Found a huge runed gate.
 36699 | Elf:2    | Found a huge runed gate.
 36699 | Elf:2    | Found a huge runed gate.
 36700 | Elf:2    | Found a huge runed gate.
 36701 | Elf:2    | Found a huge runed gate.
 36834 | Elf:2    | Cast into level 3 of the Abyss (a deep elf demonologist)
 36852 | Abyss:3  | Reached skill level 16 in Earth Magic
 36868 | Abyss:3  | Gained mutation: [Your body sometimes deteriorates upon taking damage.] [a neqoxec]
 36907 | Abyss:3  | Killed from afar by a wretched star

Vault maps used:
D:1:      sevenhm_arrival_forest_fort_small_3
D:2:      nicolae_overflow_hidden_temple
D:3:      gammafunk_wand_slinger, minivault_14, uniq_terence
D:4:      lemuel_doored_altar, kennysheep_little_box, first_ration,
          fountainhead, nicolae_underground_beach
D:5:      minmay_temple_entry_mist, kennysheep_generic_room_11, uniq_menkaure,
          uniq_edmund, uniq_eustachio
D:6:      old_standard_altar, uniq_grinder
D:7:      led_sif_pool
D:8:      kennysheep_blocky_hall, grunt_qazlal_clouds, uniq_pikel
D:10:     serial_co_window_serial, co_window_paths_a, co_window_corner_a,
          co_window_corner_a, co_window_paths_b, co_window_corner_a,
          co_window_broadway_b, co_window_broadway_c, co_window_corner_b,
          co_window_2corner, co_window_of_opportunity_b, co_window_broadway_a,
          glass_columns_c, glass_columns_a, glass_columns_a, glass_columns_b
D:11:     lair_entry_dummy, gammafunk_ghost_mausoleum
D:12:     wad_statue_garden, erik_orc_1, basic_altar
D:14:     minmay_bloctagon, erik_vaults_2, basic_altar, tso_altar, uniq_rupert,
          uniq_josephine
D:15:     grunt_enter_depths_snipers, serial_park_tiny_1,
          hangedman_feature_mirror
Temple:   minmay_freezing_vapour_temple
Lair:1:   grunt_megastairs_4
Lair:2:   nicolae_quartered_pool_super, uniq_sonja
Lair:3:   cheibrodos_lair_river_kwai, minmay_shoals_entry_lonely_mermaid,
          minmay_snake_entry_guardpost_medium, roderic_batcave,
          beast_lair_carwin_3
Lair:4:   gammafunk_ghost_necromancy, serial_bayou_shore_b, uniq_kirke
Lair:5:   slime_altar_1, minmay_lair_oklob_chamber, grunt_megastairs_3
Lair:6:   grunt_lair_end_beastmaster
Orc:1:    gammafunk_ghost_cemetery, lightli_church_of_beogh
Orc:2:    grunt_orc_gardens, grunt_orc_garden, grunt_orc_garden,
          grunt_orc_garden, grunt_orc_garden, serial_shops, shop,
          lemuel_statue_altar, uniq_erolcha
Elf:1:    minmay_elf_arrival_summoners, serial_shops, nicolae_shop_crystal,
          minmay_elf_necromancy, nicolae_elf_glass_and_crystal_pillar_1,
          uniq_roxanne
Elf:2:    nicolae_trove_entry_diagonal, serial_corexii_hall,
          corexii_hall_statues_l, corexii_hall_statues_t
Abyss:3:  grunt_abyss_rune_wretched_hive, evilmike_abyss_exit_plants

Skill      XL: |  1  2  3  4  5  6  7  8  9 10 11 12 13 14 15 16 |
---------------+-------------------------------------------------+-----
Earth Magic    | 3 4 5 6 8 10 11 12 14 15 16 | 16.0
Unarmed Combat | 1 2 3 4 5 7 8 9 10 11 12 | 12.6
Fighting       | 1 2 3 4 6 7 8 9 10 | 10.9
Dodging        | 2 3 4 5 |  5.0
Spellcasting   | 2 3 4 |  4.3
Shields        | 8 9 |  9.9
Polearms       | 1 |  1.0
Invocations    | 4 6 7 8 |  8.6
Stealth        | |  1.0
Transmutations | |  0.6

Action                   |  1- 3 |  4- 6 |  7- 9 | 10-12 | 13-15 | 16-18 || total
-------------------------+-------+-------+-------+-------+-------+-------++-------
Melee: Unarmed           |    76 |   189 |   385 |   887 |  1734 |   383 ||  3654
       Punch             |       |     2 |     7 |    20 |       |       ||    29
       Staff             |       |       |       |       |    35 |       ||    35
       Halberd           |       |       |       |       |    28 |       ||    28
Throw: Large rock        |       |       |       |       |     6 |       ||     6
 Cast: Sandblast         |     9 |    31 |    58 |    46 |   107 |    68 ||   319
       Petrify           |       |       |       |    60 |    64 |     2 ||   126
       Lee's Rapid Decon |       |       |       |     2 |    12 |     7 ||    21
       Stone Arrow       |       |       |       |       |    14 |    10 ||    24
Invok: Heroism           |       |       |       |       |     4 |       ||     4
       Finesse           |       |       |       |       |     3 |       ||     3
Evoke: Wand              |       |       |     7 |    23 |    12 |     4 ||    46
       Fan of gales      |       |       |       |     1 |     1 |       ||     2
       Box of beasts     |       |       |       |       |     5 |       ||     5
  Use: Scroll            |       |     7 |     8 |    19 |    24 |     5 ||    63
       Potion            |       |       |     1 |     1 |    10 |    10 ||    22
 Stab: Sleeping          |       |     2 |    12 |     7 |     3 |       ||    24
       Petrified         |       |       |       |    78 |    52 |       ||   130
       Petrifying        |       |       |       |     2 |     1 |       ||     3
       Confused          |       |       |       |       |     6 |       ||     6
  Eat: Chunk             |    12 |    23 |    46 |   104 |   162 |    36 ||   383
       Ration            |       |       |       |     2 |     1 |     1 ||     4
Armor: Robe              |    32 |    47 |    88 |    20 |   184 |       ||   371
       Troll leather arm |       |       |       |   104 |     8 |    82 ||   194
       Steam dragon scal |       |       |       |    92 |   104 |       ||   196
       Skin              |       |       |       |       |       |    51 ||    51
Dodge: Dodged            |    42 |   106 |   206 |   395 |   517 |   110 ||  1376
Block: Shield            |       |       |       |   286 |  1248 |   253 ||  1787

Table legend:
 A = Spawn XP
 B = Non-spawn XP
 C = Spawn XP percentage of total XP
 D = Spawn monster count
 E = Non-spawn monster count
 F = Spawn count percentage of total count
 G = Total turns spent on level
                    A         B        C        D         E        F      G
               +---------+---------+-------+---------+---------+-------+---------
         Total |       0 |  190254 |   0.0 |       0 |     802 |   0.0 | 36907
               +---------+---------+-------+---------+---------+-------+---------
           D:1 |       0 |      46 |   0.0 |       0 |      12 |   0.0 |   567
           D:2 |       0 |     128 |   0.0 |       0 |      33 |   0.0 |   892
           D:3 |       0 |      60 |   0.0 |       0 |      12 |   0.0 |   711
           D:4 |       0 |     580 |   0.0 |       0 |      26 |   0.0 |  1308
           D:5 |       0 |     797 |   0.0 |       0 |      18 |   0.0 |  1282
           D:6 |       0 |    1204 |   0.0 |       0 |      26 |   0.0 |  1039
           D:7 |       0 |    1217 |   0.0 |       0 |      27 |   0.0 |   793
           D:8 |       0 |    2935 |   0.0 |       0 |      30 |   0.0 |  1660
           D:9 |       0 |    4459 |   0.0 |       0 |      56 |   0.0 |  2164
          D:10 |       0 |    3544 |   0.0 |       0 |      23 |   0.0 |  1664
          D:11 |       0 |    6395 |   0.0 |       0 |      25 |   0.0 |  1374
          D:12 |       0 |   12094 |   0.0 |       0 |      55 |   0.0 |  1917
          D:13 |       0 |    8430 |   0.0 |       0 |      41 |   0.0 |  1056
          D:14 |       0 |   23636 |   0.0 |       0 |      54 |   0.0 |  2068
          D:15 |       0 |    9519 |   0.0 |       0 |      26 |   0.0 |   918
        Lair:1 |       0 |    3771 |   0.0 |       0 |      13 |   0.0 |  1446
        Lair:2 |       0 |    2459 |   0.0 |       0 |      10 |   0.0 |   979
        Lair:3 |       0 |   10984 |   0.0 |       0 |      41 |   0.0 |  1434
        Lair:4 |       0 |    6688 |   0.0 |       0 |      28 |   0.0 |  1242
        Lair:5 |       0 |   19326 |   0.0 |       0 |      56 |   0.0 |  3467
        Lair:6 |       0 |   18571 |   0.0 |       0 |      48 |   0.0 |  2144
         Orc:1 |       0 |    2287 |   0.0 |       0 |      27 |   0.0 |  1351
         Orc:2 |       0 |   16031 |   0.0 |       0 |      60 |   0.0 |  2007
         Elf:1 |       0 |   23574 |   0.0 |       0 |      37 |   0.0 |  2614
         Elf:2 |       0 |    8531 |   0.0 |       0 |      13 |   0.0 |   601
       Abyss:3 |       0 |    2988 |   0.0 |       0 |       5 |   0.0 |    73
               +---------+---------+-------+---------+---------+-------+---------
